 Dungeon Crawl Stone Soup version 0.23.0-3-gf3c87f2 (webtiles) character file.

Game seed: 6891692470577453450

176 Borgoz the Skirmisher (level 5, -1/46 HPs)
             Began as a Ghoul Monk on Feb 22, 2019.
             Slain by a worm (10 damage)
             ... on level 6 of the Dungeon.
             The game lasted 00:07:08 (2533 turns).

Borgoz the Skirmisher (Ghoul Monk)                  Turns: 2533, Time: 00:07:09

Health: -1/46      AC:  6    Str: 18    XL:     5   Next: 56%
Magic:  4/4        EV: 13    Int:  6    God:
Gold:   122        SH:  0    Dex: 11    Spells: 4/4 levels left

rFire    . . .     SeeInvis .   j - +0 dagger (vamp)
rCold    + . .     Gourm    .   (no shield)
rNeg     + + +     Faith    .   d - +3 leather armour
rPois    ∞         Spirit   .   (no helmet)
rElec    .         Reflect  .   (no cloak)
rCorr    .         Harm     .   (no gloves)
MR       .....                  (no boots)
Stlth    ++........             (no amulet)
HPRegen  0.00/turn              h - +3 ring of strength
MPRegen  0.09/turn              (no ring)

@: rotting
A: rotting body, claws 1, carnivore, cold resistance 1, negative energy
resistance 3, inhibited regeneration, torment resistance, unbreathing
a: no special abilities


You were on level 6 of the Dungeon.
You were not hungry.

You visited 1 branch of the dungeon, and saw 6 of its levels.

You collected 122 gold pieces.

Inventory:

Hand Weapons
 j - a +0 vampiric dagger (weapon)
Missiles
 b - 2 needles of sleeping
Armour
 d - a +3 leather armour (worn)
Jewellery
 h - a +3 ring of strength (left claw)
Scrolls
 a - 2 scrolls of enchant weapon
 f - a scroll of remove curse
 g - a scroll of immolation
Potions
 e - a potion of cancellation {unknown}
 i - 2 potions of curing
Comestibles
 c - 6 rations


   Skills:
 + Level 4.2 Fighting
 + Level 3.7 Short Blades
 + Level 1.8 Armour
 + Level 3.6 Dodging
 + Level 2.4 Stealth


You had 4 spell levels left.
You didn't know any spells.
Your spell library was empty.

Dungeon Overview and Level Annotations

Branches:
Dungeon (6/15)
 Temple: D:4-7

Altars:
Makhleb
Okawaru
Wu Jian
Xom

Annotations:
D:5 1 runed translucent door, Frank's ghost, novice OpFi


Innate Abilities, Weirdness & Mutations

Your body is rotting away.
You thrive on raw meat.
You are immune to poison.
You have sharp fingernails.
You are carnivorous and can eat meat at any time.
Your flesh is cold resistant. (rC+)
You are immune to negative energy. (rN+++)
You do not regenerate when monsters are visible.
You are immune to unholy pain and torment.
You can survive without breathing.


Message History

The phantom hits you.
* * * LOW HITPOINT WARNING * * *
There is a stone staircase leading up here.
You are too injured to fight recklessly!
You are too injured to fight recklessly!
Okay, then.
The phantom hits you.
* * * LOW HITPOINT WARNING * * *
The phantom blinks! x2
There is a stone staircase leading down here.
You climb downwards.
Found 6 gold pieces.
There is a stone staircase leading up here.
You start resting.
A worm comes into view.
A worm is nearby!
You aren't carrying any items that you can evoke.
Unknown command.
You hit the worm but do no damage. The worm bites you!
You die...

.........
$........
#........
#........
#........
#........
#........
#@...#
#w...#
#.....#
#.....#
#.....#
......#
......#
...P.##


You could see a worm.

Vanquished Creatures
  A bullfrog skeleton (D:4)
  8 adders
  4 worms
  A dart slug (D:1)
  A leopard gecko (D:3)
  3 orcs (D:3)
  2 ball pythons
  7 bats
  3 giant cockroaches
  7 goblins
  3 hobgoblins
  6 jackals
  4 kobolds
  4 quokkas
  7 rats
61 creatures vanquished.

Notes
Turn   | Place    | Note
-------+----------+-------------------------------------------
     0 | D:1      | Borgoz the Ghoul Monk began the quest for the Orb.
     0 | D:1      | Reached XP level 1. HP: 19/19 MP: 0/0
   229 | D:1      | Reached XP level 2. HP: 26/26 MP: 1/1
   335 | D:1      | Found an iron altar of Okawaru.
   813 | D:2      | Reached XP level 3. HP: 22/31 MP: 2/2
  1144 | D:2      | Found a burning altar of Makhleb.
  1144 | D:2      | Found a shimmering altar of Xom.
  1384 | D:2      | Reached XP level 4. HP: 38/40 MP: 3/3
  1715 | D:3      | Reached skill level 1 in Armour
  1768 | D:3      | Reached XP level 5. HP: 26/46 MP: 4/4
  1891 | D:3      | Reached skill level 4 in Fighting
  2213 | D:2      | Found an ornate altar of the Wu Jian Council.
  2266 | D:4      | Noticed a phantom
  2396 | D:5      | Entered Level 5 of the Dungeon
  2420 | D:5      | Found a runed translucent door.
  2420 | D:5      | Noticed Frank's ghost (novice OpFi)
  2439 | D:5      | Noticed a phantom
  2477 | D:4      | HP: 2/46 [phantom (7)]
  2533 | D:6      | Slain by a worm

Skill      XL: |  1  2  3  4  5 |
---------------+----------------+-----
Dodging        | 3 |  3.6
Short Blades   | 3 |  3.7
Armour         | 1 |  1.8
Fighting       | 4 |  4.2
Stealth        | |  2.4

Action                   |  1- 3 |  4- 6 || total
-------------------------+-------+-------++-------
Melee: Short sword       |   129 |       ||   129
       Dagger            |    25 |   313 ||   338
  Use: Scroll            |     2 |     6 ||     8
       Potion            |     1 |     1 ||     2
 Stab: Sleeping          |     3 |       ||     3
  Eat: Chunk             |    12 |    15 ||    27
Armor: Leather armour    |    88 |    73 ||   161
Dodge: Dodged            |   121 |   185 ||   306
